 Dungeon Crawl Stone Soup version 0.24.0-123-gd5b16e6ec5 (webtiles) character file.

Game seed: 16030838651467446877, levelgen mode: deterministic

87 ANON1729 the Ducker (level 4, -1/34 HPs)
             Began as a Demonspawn Gladiator on Dec 29, 2019.
             Slain by a sky beast (4 damage)
             ... on level 2 of the Dungeon.
             The game lasted 00:02:44 (2295 turns).

ANON1729 the Ducker (Demonspawn Gladiator)          Turns: 2295, Time: 00:02:45

Health: -1/34      AC:  4    Str: 14    XL:     4   Next: 28%
Magic:  0/4        EV: 13    Int: 10    God:
Gold:   101        SH:  4    Dex: 15    Spells: 3/3 levels left

rFire    . . .     SeeInvis .   a - +0 quarterstaff
rCold    . . .     Gourm    .   (shield currently unavailable)
rNeg     . . .     Faith    .   b - +0 leather armour
rPois    .         Spirit   +   c - +0 helmet
rElec    .         Reflect  .   q - scarf {Spirit}
rCorr    .         Harm     .   (no gloves)
MR       .....                  (no boots)
Stlth    +.........             (no amulet)
HPRegen  0.11/turn              (no ring)
MPRegen  0.09/turn              (no ring)

@: no status effects
A: large bone plates 1, demonic guardian 1
a: no special abilities


You were on level 2 of the Dungeon.
You were not hungry.

You visited 1 branch of the dungeon, and saw 3 of its levels.

You collected 101 gold pieces.

Inventory:

Hand Weapons
 a - a +0 quarterstaff (weapon)
 t - a +1 vampiric dagger
Missiles
 d - 3 throwing nets (quivered)
Armour
 b - a +0 leather armour (worn)
 c - a +0 helmet (worn)
 q - a scarf of spirit shield (worn)
Jewellery
 n - a cursed ring of magical power {unknown}
Scrolls
 e - a scroll of remove curse {unknown}
 h - 2 scrolls of fear {unknown}
 j - 2 scrolls of identify {unknown}
 k - 3 scrolls of random uselessness {unknown}
 l - 2 scrolls of teleportation {unknown}
 r - a scroll of fog {unknown}
Potions
 g - 3 potions of heal wounds {unknown}
 i - a potion of lignification {unknown}
 m - 2 potions of might {unknown}
 o - a potion of degeneration {unknown}
 p - a potion of mutation {unknown}
 s - 2 potions of resistance {unknown}
Comestibles
 f - 7 rations


   Skills:
 + Level 2.8 Fighting
 + Level 3.2 Staves
 + Level 2.6 Throwing
 + Level 3.3 Dodging


You had 3 spell levels left.
You didn't know any spells.
Your spell library was empty.

Dungeon Overview and Level Annotations

Branches:
Dungeon (3/15)

Altars:


Innate Abilities, Weirdness & Mutations

You are partially covered in large bone plates. (SH +4)
A weak demonic guardian rushes to your aid.


Message History

Reactivating autopickup.
Your leather armour prevents you from hitting the sky beast.
The sky beast is moderately wounded.
The sky beast hits you.
* * * LOW HITPOINT WARNING * * *
The sky beast shocks you.
* * * LOW HITPOINT WARNING * * *
You hit the sky beast but do no damage.
The sky beast is moderately wounded.
The sky beast misses you.
You barely miss the sky beast.
The sky beast is moderately wounded.
The sky beast barely misses you.
You closely miss the sky beast.
The sky beast is moderately wounded.
The sky beast barely misses you.
You hit the sky beast but do no damage.
The sky beast is moderately wounded.
The sky beast hits you. The sky beast shocks you.
You die...

### ########
##@###......#
##Y#.##.####.#######
##.###.#.####........
#.##..............##.
##.#.#.#.####..##.##.
##...##.####..##.<..
##.###.......#####.
#.# #######.#####.
#.### #.......


You could see a sky beast.

Vanquished Creatures
  2 adders
  A leopard gecko (D:1)
  3 orcs (D:3)
  A ball python (D:1)
  3 bats
  5 giant cockroaches
  9 goblins
  5 hobgoblins
  4 jackals (D:1)
  14 frilled lizards
  8 kobolds
  6 rats
61 creatures vanquished.

Vanquished Creatures (collateral kills)
  An orc (D:3)
1 creature vanquished.

Grand Total: 62 creatures vanquished

Notes
Turn   | Place    | Note
-------+----------+-------------------------------------------
     0 | D:1      | ANON1729 the Demonspawn Gladiator began the quest for the
                  | Orb.
     0 | D:1      | Reached XP level 1. HP: 16/16 MP: 1/1
   101 | D:1      | Gained mutation: You are partially covered in large bone
                  | plates. (SH +4) [demonic ancestry]
   101 | D:1      | Reached XP level 2. HP: 1/22 MP: 2/2
   774 | D:1      | Reached XP level 3. HP: 28/28 MP: 3/3
  1947 | D:3      | Gained mutation: A weak demonic guardian rushes to your
                  | aid. [demonic ancestry]
  1947 | D:3      | Reached XP level 4. HP: 18/34 MP: 1/4
  2268 | D:3      | Noticed a sky beast
  2295 | D:2      | Slain by a sky beast

Levels and vault maps discovered:
D:1:      dpeg_arrival_tiny_h, layout_loops_corners, minmay_lizard_king
D:2:      layout_loops_cross, first_ration
D:3:      layout_basic, old_standard_altar, cheibriados_altar_1

Skill      XL: |  1  2 |
---------------+-------+-----
Throwing       | 2 |  2.6
Dodging        | 3 |  3.3
Staves         | 3 |  3.2
Fighting       | |  2.8

Action                   |  1- 3 |  4- 6 || total
-------------------------+-------+-------++-------
Melee: Quarterstaff      |   165 |    29 ||   194
 Stab: Sleeping          |     1 |       ||     1
  Eat: Chunk             |     2 |     3 ||     5
Armor: Leather armour    |    38 |     8 ||    46
Dodge: Dodged            |    98 |    18 ||   116
Block: Other             |    30 |     6 ||    36
